 Dungeon Crawl Stone Soup version 0.20.1-1-g8b1a95d (webtiles) character file.

275 wolfsongas the Basher (level 6, -2/51 HPs)
             Began as a Minotaur Berserker on Aug 4, 2017.
             Was a Believer of Trog.
             Shot with an arrow by a centaur (11 damage)
             ... on level 4 of the Dungeon.
             The game lasted 00:05:44 (3384 turns).

wolfsongas the Basher (Minotaur Berserker)          Turns: 3384, Time: 00:05:45

Health: -2/51      AC:  5    Str: 23    XL:     6   Next: 3%
Magic:  5/5        EV: 11    Int:  4    God:    Trog [**....]
Gold:   179        SH:  0    Dex: 10    Spells: 5/5 levels left

rFire    + . .     SeeInvis .   a - +0 mace
rCold    x . .     Gourm    .   (no shield)
rNeg     . . .     Faith    .   d - +0 ring mail
rPois    .         Spirit   .   (helmet restricted)
rElec    .         Reflect  .   (no cloak)
rCorr    .         Harm     .   (no gloves)
MR       ++...                  (no boots)
Stlth    ..........             (no amulet)
Regen    1.2/turn               h - ring of fire
MPRegen  0.1/turn               (no ring)

@: regenerating
A: retaliatory headbutt, horns 2
a: Berserk, Trog's Hand, Burn Spellbooks, Renounce Religion


You were on level 4 of the Dungeon.
You worshipped Trog.
Trog was pleased with you.
You were not hungry.

You visited 1 branch of the dungeon, and saw 4 of its levels.

You collected 179 gold pieces.

Inventory:

Hand Weapons
 a - a +0 mace (weapon)
Armour
 d - a +0 ring mail (worn)
Jewellery
 h - a ring of fire (left hand)
Scrolls
 b - 2 scrolls of fear
 g - a scroll of teleportation
 i - a scroll of magic mapping {unknown}
 j - a scroll of recharging {unknown}
 k - 2 scrolls of enchant armour {unknown}
 l - a scroll of identify {unknown}
 p - a scroll of amnesia {unknown}
 s - a scroll of fog {unknown}
Potions
 e - 2 potions of curing
 f - a potion of haste {unknown}
 m - a potion of agility {unknown}
 n - a potion of lignification {unknown}
 o - a potion of berserk rage
 q - a potion of magic {unknown}
 r - a potion of might {unknown}
Comestibles
 c - a bread ration


   Skills:
 - Level 3.6 Fighting
 * Level 8.2 Maces & Flails
 - Level 2.4 Armour
 - Level 2.1 Dodging


You had 5 spell levels left.
You didn't know any spells.

Dungeon Overview and Level Annotations

Branches:
Dungeon (4/15)
 Temple: D:4-7

Altars:


Innate Abilities, Weirdness & Mutations

You reflexively headbutt those who attack you in melee.
You have a pair of horns on your head.


Message History

You open the door.
There is an open door here.
A centaur comes into view.
The centaur wields a shortbow.
The centaur shoots an arrow.
The arrow hits you!
The centaur shoots an arrow.
The arrow misses you.
The centaur shoots an arrow.
The arrow hits you!
A frilled lizard comes into view.
The centaur shoots an arrow.
The arrow hits you!
You are too injured to fight recklessly!
You are too injured to fight recklessly!
You are too injured to fight recklessly!
The centaur shoots an arrow.
The arrow hits you!
* * * LOW HITPOINT WARNING * * *
You see here an arrow.
Your skin crawls.
You feel resistant to hostile enchantments.
You feel somewhat more hungry.
The centaur shoots an arrow.
The arrow hits you.
* * * LOW HITPOINT WARNING * * *
The centaur shoots an arrow.
The arrow hits you!
You die...

...#
.................#
##.#
.###########.#.###
...# #....#.# ####
############.####.#
# .............#
#.# #
.........###.####.#
...#
....l.............#
..##
.........##########
...#
.......@........
..##
.....c..########
.(# ####+#### #..
.##


You could see a centaur and a frilled lizard.

Vanquished Creatures
  A scorpion (D:3)
  A bullfrog skeleton (D:4)
  An orc priest (D:3)
  An orc wizard (D:3)
  Robin (D:3)
  3 adders
  A dart slug (D:1)
  5 leopard geckos
  10 orcs
  3 giant cockroaches
  13 goblins
  13 hobgoblins
  8 kobolds
  3 quokkas
  2 ball pythons
  6 bats
  A frilled lizard (D:3)
  6 rats
79 creatures vanquished.

Notes
Turn   | Place    | Note
-------+----------+-------------------------------------------
     0 | D:1      | wolfsongas the Minotaur Berserker began the quest for the Orb.
     0 | D:1      | Reached XP level 1. HP: 19/19 MP: 0/0
   187 | D:1      | Reached skill level 4 in Maces & Flails
   366 | D:1      | Reached XP level 2. HP: 20/26 MP: 1/1
  1039 | D:1      | Reached skill level 5 in Maces & Flails
  1356 | D:2      | Reached XP level 3. HP: 28/31 MP: 2/2
  2292 | D:3      | Noticed a scorpion
  2295 | D:3      | Killed a scorpion
  2295 | D:3      | Reached skill level 6 in Maces & Flails
  2295 | D:3      | Reached XP level 4. HP: 29/39 MP: 3/3
  2322 | D:3      | Reached ** piety under Trog
  2447 | D:3      | Noticed Robin
  2467 | D:3      | Killed Robin
  2518 | D:3      | Reached XP level 5. HP: 38/45 MP: 4/4
  2520 | D:3      | Reached skill level 7 in Maces & Flails
  3241 | D:4      | Reached skill level 8 in Maces & Flails
  3241 | D:4      | Reached XP level 6. HP: 51/51 MP: 5/5
  3384 | D:4      | Shot with an arrow by a centaur

Skill      XL: |  1  2  3  4  5 |
---------------+----------------+-----
Maces & Flails | 4 5 6 8 |  8.2
Fighting       | |  3.6
Armour         | |  2.4
Dodging        | |  2.1

Action                   |  1- 3 |  4- 6 || total
-------------------------+-------+-------++-------
Melee: Mace              |    82 |    99 ||   181
       Headbutt          |     5 |    11 ||    16
Invok: Berserk           |     1 |     2 ||     3
       Trog's Hand       |       |     2 ||     2
  Use: Scroll            |     1 |     1 ||     2
       Potion            |       |     2 ||     2
  Eat: Chunk             |     1 |     4 ||     5
       Bread ration      |     1 |     1 ||     2
Armor: Ring mail         |    25 |    26 ||    51
Dodge: Dodged            |    59 |    53 ||   112
